AoeStats
← Clubmate

Enclosed

506706918Analyzed
1v1 RM · 18d ago on Sep 14, 2026· 36m 24s· 2 players
Game mode
Random Map
Map size
Tiny (2 player)
Population
200
Speed
Normal
Resources
Standard
Victory
Conquest
Starting age
Dark Age
Ending age
Imperial Age
RankedLock teamsTeams togetherTeam positionsShared explorationLock speedFull tech treeHidden civsTurbo modeCheats
Victory
Defeat
🇬🇧 Romans · United Kingdom
1118
+15
🇸🇪 Byzantines · Sweden
1089
-15
Hoveringpuppy
5:32 Loom
10:01 Feudal Age
10:04 Man-at-Arms
11:50 Double-Bit Axe
12:30 Scale Mail Armor
14:13 Horse Collar
22:21 Castle Age
22:12 Forging
21:57 Gold Mining
22:29 Long Swordsman
23:46 Squires
24:37 Bow Saw
24:45 Chain Mail Armor
25:08 Iron Casting
24:47 Pikeman
28:54 Wheelbarrow
32:15 Town Watch
35:49 Fletching
Clubmate
6:02 Loom
10:30 Feudal Age
11:30 Double-Bit Axe
12:42 Horse Collar
15:59 Forging
18:22 Wheelbarrow
23:44 Castle Age
24:12 Scale Barding Armor
34:23 Fletching
Connection lost

Rejoining the realm…

Still unreachable

The connection could not be restored.

Session expired

The server has moved on; the page needs a fresh start.